 Dungeon Crawl Stone Soup version 0.30.0-5-g1a98f26d00 (webtiles) character file.

Game seed: 4107646082595468353

93492 MacCMillion the Severer (level 15, -2/141 HPs)
             Began as a Minotaur Fighter on May 8, 2023.
             Was a High Priest of Okawaru.
             Killed from afar by a shock serpent (20 damage)
             ... with a bolt of electricity
             ... on level 1 of the Snake Pit.
             The game lasted 00:51:51 (35558 turns).

MacCMillion the Severer (Minotaur Fighter)         Turns: 35558, Time: 00:51:51

Health: -2/141     AC: 19    Str: 32    XL:     15   Next: 60%
Magic:  3/22       EV: 12    Int:  5    God:    Okawaru [*****.]
Gold:   2207       SH: 12    Dex: 16    Spells: 14/14 levels left

rFire   . . .        a - +1 broad axe (heavy)
rCold   + . .        S - +0 kite shield
rNeg    . . .        f - +0 chain mail {rPois}
rPois   +            o - +0 hat of the Farrier {Contam Str+4}
rElec   .            (no cloak)
rCorr   .            G - +3 Mad Mage's Maulers {Infuse+∞ VampMP -Cast}
SInv    .            h - +1 pair of boots
Will    +....        (no amulet) Stlth
                     U - ring of protection from cold
HPRegen 0.43/turn    y - +6 ring of dexterity
MPRegen 0.18/turn

%: no spellcasting, infuse magic (3 MP)
@: no status effects
A: horns 2, retaliatory headbutt
a: Renounce Religion, Heroism, Finesse, Duel


You were on level 1 of the Snake Pit.
You worshipped Okawaru.
Okawaru was extremely pleased with you.
You visited 4 branches of the dungeon, and saw 23 of its levels.
You also visited: Sewer and Ice Cave.

You collected 2711 gold pieces.
You spent 504 gold pieces at shops.

Inventory:

Hand Weapons
 a - a +1 heavy broad axe (weapon)
 F - a +2 war axe of flaming
Missiles
 c - 5 datura-tipped darts
 A - 3 throwing nets
 E - 4 atropa-tipped darts
 H - 11 curare-tipped darts
 I - 23 boomerangs (quivered)
 P - 10 silver javelins
 R - 5 javelins
 V - 5 silver boomerangs
 X - 30 poisoned darts
Armour
 b - the +6 crystal plate armour of Evolution {Will+ Int-2 Dex+3}
   (Okawaru gifted it to you on level 2 of the Orcish Mines)

   Int:       It affects your intelligence (-2).
   Dex:       It affects your dexterity (+3).
   Will:      It increases your willpower.
 f - a +0 chain mail of poison resistance (worn)
 h - a +1 pair of boots (worn)
 o - the +0 hat of the Farrier (worn) {Contam Str+4}
   (You acquired it on level 15 of the Dungeon)

   Str:       It affects your strength (+4).
   Contam:    It causes magical contamination when unequipped.
 G - the +3 Mad Mage's Maulers (worn) {Infuse+∞ VampMP -Cast}
   (Okawaru gifted it to you on level 5 of the Lair of Beasts)

   Infuse+∞: It empowers its wearer's blows with all of their magic.
   VampMP:    Blows struck in melee replenish the wearer's magic.
   -Cast:     It prevents spellcasting.
 S - a +0 kite shield (worn)
Jewellery
 k - a ring of protection from cold
 s - a +6 ring of intelligence
 y - a +6 ring of dexterity (right hand)
 U - a ring of protection from cold (left hand)
 Z - a ring of see invisible
Wands
 p - a wand of digging (5)
 D - a wand of flame (15)
 K - a wand of roots (11)
 T - a wand of polymorph (6)
Scrolls
 g - 3 scrolls of vulnerability
 i - 4 scrolls of enchant weapon {unknown}
 l - 3 scrolls of blinking
 m - 8 scrolls of teleportation
 r - 2 scrolls of silence
 u - 5 scrolls of fog
 w - a scroll of torment
 M - 4 scrolls of poison
 N - 3 scrolls of enchant armour
 Q - a scroll of brand weapon
Potions
 d - 5 potions of might
 e - 2 potions of mutation
 j - 2 potions of resistance
 n - 5 potions of lignification
 q - 4 potions of magic
 t - 3 potions of flight
 v - 7 potions of heal wounds
 x - 3 potions of cancellation
 C - 5 potions of attraction
 J - a potion of berserk rage {unknown}
 L - 3 potions of haste
 O - 5 potions of ambrosia
 W - 4 potions of invisibility
 Y - 3 potions of curing
Miscellaneous
 z - a phial of floods


   Skills:
 - Level 15.0 Fighting
 - Level 18.0 Axes
 + Level 11.1 Throwing
 + Level 11.6 Armour
 - Level 6.0 Dodging
 + Level 11.6 Shields
 + Level 11.2 Invocations


You had 14 spell levels left.
You didn't know any spells.
Your spell library contained the following spells:

 Spells                   Type           Power      Damage    Failure   Level
 Beastly Appendage        Tmut           0%         N/A       93%         1
 Ensorcelled Hibernation  Hex/Ice        0%         N/A       98%         2
 Static Discharge         Conj/Air       0%         2-2/arc   98%         2
 Frozen Ramparts          Ice            0%         1d1       100%        3
 Hailstorm                Conj/Ice       0%         3d3       100%        3
 Ignite Poison            Fire/Tmut/Pois 0%         N/A       100%        3
 Inner Flame              Hex/Fire       0%         N/A       100%        3
 Portal Projectile        Hex/Tloc       0%         N/A       100%        3
 Spider Form              Tmut/Pois      0%         N/A       100%        3
 Stone Arrow              Conj/Erth      0%         3d7       100%        3
 Airstrike                Air            0%         2d(0-16)  100%        4
 Anguish                  Hex/Necr       0%         N/A       100%        4
 Ice Form                 Ice/Tmut       0%         N/A       100%        4
 Passage of Golubria      Tloc           0%         N/A       100%        4
 Blade Hands              Tmut           0%         N/A       100%        5
 Freezing Cloud           Conj/Ice/Air   0%         6-21      100%        5
 Silence                  Hex/Air        0%         N/A       100%        5
 Yara's Violent Unravell  Hex/Tmut       0%         3d3       100%        5
 Enfeeble                 Hex            0%         N/A       100%        7
 Storm Form               Tmut/Air       0%         N/A       100%        7
 Lehudib's Crystal Spear  Conj/Erth      0%         10d2      100%        8
 Chain Lightning          Conj/Air       0%         N/A       100%        9
 Fire Storm               Conj/Fire      0%         5d1       100%        9
 Polar Vortex             Ice            0%         N/A       100%        9
 Shatter                  Erth           0%         3d5*      100%        9
 Tukima's Dance           Hex            Unusable   N/A       N/A         3
 Animate Armour           Summ/Erth      Unusable   N/A       N/A         4
 Summon Ice Beast         Ice/Summ       Unusable   N/A       N/A         4
 Summon Lightning Spire   Summ/Air       Unusable   N/A       N/A         4
 Simulacrum               Ice/Necr       Unusable   N/A       N/A         6
 Infestation              Necr           Unusable   N/A       N/A         8

Dungeon Overview and Level Annotations

Branches:
Dungeon (15/15)            Temple (0/1) D:6            Lair (5/5) D:9
 Shoals (0/4) Lair:2        Snake (1/4) Lair:2        Slime (0/5) Lair:5
    Orc (2/2) D:9             Elf (0/3) Orc:2        Vaults (0/5) D:14
  Sewer (visited)           IceCv (visited)
 Depths: D:15

Altars:
Dithmenos
Fedhas
Gozag
Okawaru
Vehumet
Xom
Yredelemnul
Zin
The Shining One
Jiyva

Shops:
D:6 *   D:7 *   Orc:2 *!([(   Snake:1 [**

Portals:
Trove: D:11 (give +4 ice dragon scales)

Annotations:
D:3 1 runed translucent door, Crazy Yiuf, Sigmund
D:11 1 runed translucent door, spanner's ghost, journeyman MiBe
D:13 2 transporters, Wemm's ghost, journeyman SpEn


Innate Abilities, Weirdness & Mutations

You have a pair of horns on your head.
You reflexively headbutt those who attack you in melee.


Message History

W - 4 potions of invisibility You open the door.
There is an open door here.
You see here a +0 ring mail.
A shock serpent comes into view.
The shock serpent hisses angrily.
The shock serpent shoots out a bolt of lightning at you!
The bolt of electricity hits you!
A shock serpent is nearby!
A shock serpent is nearby!
You start resting.
A shock serpent is nearby!
The shock serpent shoots out a bolt of lightning at you!
The bolt of electricity hits you!! x2
The shock serpent barely misses you. x2
You slash the shock serpent!
The shock serpent is moderately wounded.
The shock serpent's electric aura discharges, shocking you!
You block the shock serpent's attack.
You barely miss the shock serpent.
The shock serpent is moderately wounded.
You block the shock serpent's attack.
The shock serpent bites you but does no damage.
You miss the shock serpent.
The shock serpent is moderately wounded.
The shock serpent bites you. The shock serpent shocks you!
You block the shock serpent's attack.
You barely miss the shock serpent. Your headbutt misses the shock serpent.
The shock serpent is lightly wounded.
The shock serpent shoots out a bolt of lightning at you!
The bolt of electricity misses you. The bolt of electricity hits you!
You barely miss the shock serpent. Your headbutt misses the shock serpent.
The shock serpent is lightly wounded.
The shock serpent bites you! The shock serpent shocks you!
* * * LOW HITPOINT WARNING * * *
The shock serpent shoots out a bolt of lightning at you!
The bolt of electricity hits you!
* * * LOW HITPOINT WARNING * * *
The bolt of electricity hits you!!
You die...

#.. ####..## ..S #...##..
#..# #..##### #..# #.## #
#..# #.# # #..# #.# #
##..# #.# ##S..# ##.#
#######@...# #..#
##..........## #..##
##..##........####...## #
#.#####...............####
#### #...................
##.# ##..###...<.[)###....
#.## ##..## ####...##
###.. #.#####..## #..##
##. ##......## #..# #.


You could see a shock serpent.

Vanquished Creatures
  Rupert (Snake:1)
  An orc warlord (Orc:2)
  An ice dragon (D:11)
  5 hydras
  Harold (Orc:1)
  4 vault guards
  5 boulder beetles
  2 anacondas (Snake:1)
  4 catoblepae
  4 centaur warriors
  8 death yaks
  A naga warrior (Snake:1)
  5 two-headed ogres
  2 orc high priests (Orc:2)
  A naga sharpshooter (Snake:1)
  Sonja (Lair:2)
  Amaemon (Lair:3)
  5 skeletal warriors
  2 skysharks
  A naga ritualist (Snake:1)
  6 ugly things
  Pikel (D:6)
  An orc knight (Orc:2)
  A deep elf pyromancer (D:14)
  3 manticores
  2 orc sorcerers
  7 cyclopes
  11 black mambas
  12 elephants
  3 ice statues (IceCv)
  9 cane toads
  A gargoyle (D:14)
  An orange demon (Lair:3)
  A torpor snail (Lair:2)
  Maggie (D:8)
  Psyche (D:8)
  9 komodo dragons
  3 rime drakes
  A yaktaur (D:15)
  A tengu conjurer (D:15)
  An efreet (D:14)
  A freezing wraith (D:15)
  2 kobold demonologists (D:14)
  An anaconda simulacrum (IceCv)
  A queen bee (Lair:2)
  6 trolls
  3 meliai (D:13)
  6 polar bears
  2 hornets
  Prince Ribbit (D:6)
  19 blink frogs
  7 slime creatures
  2 wraiths
  3 vampires
  57 yaks
  3 wyverns
  Grum (D:10)
  5 basilisks
  7 vampire mosquitoes (D:11)
  A death yak simulacrum (IceCv)
  2 steam dragons
  8 wargs
  5 nagas
  2 acid dragons (D:12)
  A harpy simulacrum (IceCv)
  21 water moccasins
  Duvessa (D:6)
  20 orc warriors
  5 black bears
  17 wolves
  4 ogres
  9 centaurs
  2 lemures (D:6)
  5 phantoms
  12 bullfrogs
  Blork the orc (D:6)
  4 kobold brigands
  A gnoll sergeant (D:9)
  2 cane toad simulacra (IceCv)
  5 scorpions
  16 wights
  Dowan (D:6)
  30 killer bees
  4 howler monkeys
  3 electric eels
  4 hounds (D:9)
  A jelly (D:5)
  2 gnoll boudas
  25 orc priests
  A sleepcap (D:6)
  Natasha (thrice) (D:3)
  2 iguanas (D:6)
  24 orc wizards
  5 hell rats (Lair:5)
  A polar bear simulacrum (IceCv)
  A wolf simulacrum (IceCv)
  18 gnolls
  5 river rats (Sewer)
  11 adders
  2 shadow imps
  3 ufetubi
  2 worms
  4 dart slugs
  73 orcs
  15 ball pythons
  3 bats (D:2)
  8 endoplasms
  3 giant cockroaches
  8 goblins
  4 hobgoblins
  2 quokkas
  10 frilled lizards
  16 kobolds
  31 rats
727 creatures vanquished.

Notes
Turn   | Place    | Note
-------+----------+-------------------------------------------
     0 | D:1      | MacCMillion the Minotaur Fighter began the quest for the
                  | Orb.
     0 | D:1      | Reached XP level 1. HP: 19/19 MP: 0/0
    90 | D:1      | Reached XP level 2. HP: 26/26 MP: 1/1
    92 | D:1      | Reached skill level 3 in Axes
   516 | D:1      | Reached XP level 3. HP: 31/31 MP: 2/2
   614 | D:1      | Reached skill level 4 in Axes
  1148 | D:2      | Reached skill level 5 in Axes
  1148 | D:2      | Reached XP level 4. HP: 31/39 MP: 3/3
  1215 | D:3      | Found a shadowy altar of Dithmenos.
  1246 | D:3      | Noticed Sigmund
  1278 | D:3      | Noticed Natasha
  1282 | D:3      | Killed Natasha
  1285 | D:3      | Noticed Natasha
  1292 | D:3      | Killed Natasha
  1293 | D:3      | Reached skill level 6 in Axes
  1375 | D:3      | Reached XP level 5. HP: 45/45 MP: 4/4
  1526 | D:3      | Noticed Natasha
  1538 | D:3      | Killed Natasha
  1672 | D:3      | Reached skill level 7 in Axes
  1827 | D:3      | Found a runed translucent door.
  1828 | D:3      | Noticed Crazy Yiuf
  1864 | D:4      | Noticed a black bear
  1872 | D:4      | Killed a black bear
  1873 | D:4      | Reached skill level 8 in Axes
  1873 | D:4      | Reached XP level 6. HP: 51/51 MP: 5/5
  2219 | D:4      | Reached skill level 9 in Axes
  2295 | D:4      | Reached XP level 7. HP: 57/57 MP: 6/6
  2549 | D:4      | Found an iron altar of Okawaru.
  2560 | D:4      | Became a worshipper of Warmaster Okawaru
  2697 | D:4      | Found a radiant altar of Vehumet.
  2698 | D:4      | Found an opulent altar of Gozag.
  2751 | D:5      | Entered Level 5 of the Dungeon
  2772 | D:5      | Noticed a yak
  2772 | D:5      | Noticed a yak
  2772 | D:5      | Noticed a yak
  2787 | D:4      | Killed a yak
  2788 | D:4      | Reached skill level 10 in Axes
  2925 | D:5      | Reached * piety under Okawaru
  2962 | D:5      | Found a glowing drain.
  2982 | Sewer    | Entered a sewer
  3391 | Sewer    | Reached XP level 8. HP: 37/67 MP: 7/7
  3687 | D:5      | Reached skill level 1 in Invocations
  3958 | D:5      | Reached skill level 5 in Fighting
  3958 | D:5      | Reached skill level 11 in Axes
  3958 | D:5      | Reached skill level 5 in Armour
  4618 | D:6      | Found Fuweeloj's Elemental Accessories.
  4619 | D:6      | Noticed Duvessa
  4619 | D:6      | Noticed Dowan
  4639 | D:6      | Killed Duvessa
  4642 | D:6      | Killed Dowan
  4783 | D:6      | Found a glowing golden altar of the Shining One.
  4798 | D:6      | Reached ** piety under Okawaru
  4819 | D:6      | Found a staircase to the Ecumenical Temple.
  4881 | D:6      | Noticed Blork the orc
  4894 | D:6      | Killed Blork the orc
  4895 | D:6      | Reached XP level 9. HP: 64/75 MP: 11/11
  5007 | D:6      | Noticed Prince Ribbit
  5044 | D:6      | Killed Prince Ribbit
  5343 | D:6      | Noticed Pikel
  5366 | D:6      | Killed Pikel
  5367 | D:6      | Reached skill level 12 in Axes
  5639 | D:7      | Reached *** piety under Okawaru
  6023 | D:7      | Found Atarais's Assorted Antiques.
  6026 | D:7      | Bought a runed war axe for 195 gold pieces
  6152 | D:7      | Found a basalt altar of Yredelemnul.
  6247 | D:7      | Reached XP level 10. HP: 88/89 MP: 12/12
  6912 | D:8      | Reached skill level 1 in Throwing
  7093 | D:8      | Noticed Psyche
  7104 | D:8      | Killed Psyche
  7104 | D:8      | Reached **** piety under Okawaru
  7105 | D:8      | Reached skill level 13 in Axes
  7391 | D:7      | Reached skill level 5 in Invocations
  7471 | D:8      | Noticed Maggie
  7478 | D:8      | Killed Maggie
  7861 | D:9      | Found a blossoming altar of Fedhas.
  7903 | D:9      | Reached skill level 14 in Axes
  8402 | D:9      | Received a gift from Okawaru
  8402 | D:9      | Reached ***** piety under Okawaru
  8403 | D:9      | Reached XP level 11. HP: 80/95 MP: 14/14
  8489 | D:9      | Reached skill level 5 in Throwing
  8558 | D:9      | Found a staircase to the Lair.
  8592 | D:9      | Noticed a two-headed ogre
  8599 | D:9      | Killed a two-headed ogre
  9353 | D:9      | Found a staircase to the Orcish Mines.
  9615 | Lair:1   | Entered Level 1 of the Lair of Beasts
  9924 | Lair:1   | Reached skill level 15 in Axes
  9926 | Lair:1   | Received a gift from Okawaru
 10171 | Lair:1   | You fall into a shaft and drop 1 floor!
 10184 | Lair:2   | Noticed a boulder beetle
 10198 | Lair:2   | Killed a boulder beetle
 10243 | Lair:2   | Received a gift from Okawaru
 10609 | Lair:1   | Reached XP level 12. HP: 93/104 MP: 15/15
 10621 | Lair:1   | Reached skill level 16 in Axes
 10985 | Lair:1   | Reached skill level 1 in Dodging
 11764 | Lair:2   | Found a staircase to the Shoals.
 11906 | Lair:2   | Noticed a death yak
 11922 | Lair:2   | Killed a death yak
 11969 | Lair:2   | Noticed a death yak
 11982 | Lair:2   | Killed a death yak
 11982 | Lair:2   | Received a gift from Okawaru
 11983 | Lair:2   | Reached skill level 10 in Fighting
 11983 | Lair:2   | Reached skill level 10 in Armour
 12425 | Lair:2   | Found a staircase to the Snake Pit.
 12441 | Lair:2   | Identified the +2 robe of the Clam {Harm rElec rC+++ Str-5}
 12977 | Lair:2   | Noticed Sonja
 12989 | Lair:2   | Killed Sonja
 13567 | Lair:3   | Received a gift from Okawaru
 13989 | Lair:3   | Reached skill level 5 in Dodging
 14446 | Lair:3   | Noticed Amaemon
 14597 | Lair:3   | Killed Amaemon
 14598 | Lair:3   | Reached XP level 13. HP: 113/113 MP: 18/18
 15029 | Lair:3   | Reached skill level 10 in Throwing
 15249 | Lair:4   | Received a gift from Okawaru
 15395 | Lair:4   | Reached ****** piety under Okawaru
 16382 | Lair:4   | Received a gift from Okawaru
 16951 | Lair:5   | Entered Level 5 of the Lair of Beasts
 17270 | Lair:5   | Reached skill level 17 in Axes
 17371 | Lair:5   | Received a gift from Okawaru
 17515 | Lair:5   | Reached skill level 10 in Invocations
 17577 | Lair:5   | Received a gift from Okawaru
 17753 | Lair:5   | Received a gift from Okawaru
 17753 | Lair:5   | Found the +3 Mad Mage's Maulers {Infuse+∞ VampMP -Cast}
 18558 | Lair:5   | Reached skill level 18 in Axes
 18581 | Lair:5   | Reached XP level 14. HP: 98/126 MP: 3/20
 19057 | Lair:5   | Got the Vellum of Evil Reconstruction
 19280 | Lair:5   | Found a viscous altar of Jiyva.
 19281 | Lair:5   | Found a staircase to the Slime Pits.
 20059 | Orc:1    | Entered Level 1 of the Orcish Mines
 20379 | Orc:2    | Entered Level 2 of the Orcish Mines
 21254 | Orc:2    | Found a staircase to the Elven Halls.
 22454 | Orc:2    | Found Fydurghaq's Distillery.
 22473 | Orc:2    | Found Reniatse's Antique Weapon Shop.
 22485 | Orc:2    | Identified the +6 crystal plate armour of Evolution {Will+
                  | Int-2 Dex+3} (Okawaru gifted it to you on level 2 of the
                  | Orcish Mines)
 22485 | Orc:2    | Received a gift from Okawaru
 23512 | Orc:2    | Noticed an orc warlord
 23614 | Orc:2    | Killed an orc warlord
 23615 | Orc:2    | Reached skill level 15 in Fighting
 23912 | Orc:2    | Found Vudghoh's Antique Weapon Shop.
 23914 | Orc:2    | Found Soshebac's Antique Armour Boutique.
 24103 | Orc:2    | Reached skill level 5 in Shields
 24207 | Orc:2    | Found Vaywog's General Store.
 24644 | Orc:1    | Noticed Harold
 24983 | Orc:1    | Killed Harold
 25353 | D:10     | Entered Level 10 of the Dungeon
 25763 | D:10     | Noticed Grum
 25771 | D:10     | Killed Grum
 25891 | D:10     | Found a glowing silver altar of Zin.
 26957 | D:11     | Found a frozen archway.
 27051 | IceCv    | Entered an ice cave
 27798 | IceCv    | Got the Secrets of the Crevasse
 27870 | D:11     | Found a portal to a secret trove of treasure.
 27889 | D:11     | Reached skill level 10 in Shields
 28112 | D:11     | Found a runed translucent door.
 28112 | D:11     | Found a shimmering altar of Xom.
 28112 | D:11     | Noticed spanner's ghost (journeyman MiBe)
 30082 | D:13     | Noticed a green very ugly thing
 30348 | D:13     | Reached XP level 15. HP: 110/140 MP: 3/21
 30349 | D:13     | Received a gift from Okawaru
 30933 | D:13     | Noticed Wemm's ghost (journeyman SpEn)
 30936 | D:13     | Found a transporter.
 30937 | D:13     | Identified the +1 great mace of Neurosis {drain, Will+
                  | Dex+3}
 30940 | D:13     | Found a transporter.
 31064 | D:14     | Received a gift from Okawaru
 32118 | D:14     | You fall into a shaft and drop 1 floor!
 32118 | D:15     | Entered Level 15 of the Dungeon
 32123 | D:15     | Identified a scroll of acquirement
 32124 | D:15     | Acquired the +0 hat of the Farrier {Contam Str+4}
 32562 | D:14     | Found a gate to the Vaults.
 33303 | D:14     | Received a gift from Okawaru
 34196 | Snake:1  | Entered Level 1 of the Snake Pit
 34302 | Snake:1  | Noticed Rupert
 34304 | Snake:1  | Paralysed by Rupert for 3 turns
 34316 | Snake:1  | Killed Rupert
 34664 | Snake:1  | Received a gift from Okawaru
 35247 | Snake:1  | Found Diar's Antique Armour Shop.
 35256 | Snake:1  | Bought a pair of glowing boots for 277 gold pieces
 35278 | Snake:1  | Found Zer Dot's Gadget Gallery.
 35415 | Snake:1  | Found Upipluy's General Store.
 35418 | Snake:1  | Bought a scroll of identify for 32 gold pieces
 35558 | Snake:1  | Killed from afar by a shock serpent

Illustrated notes

Levels and vault maps discovered:
D:1:      dpeg_arrival_tiny_a, layout_loops_ring, serial_park_tiny_2
D:2:      layout_loops_ring
D:3:      layout_rooms, mainiacjoe_overflow_boulevard, serial_shops, shop,
          kennysheep_generic_room_4, uniq_crazy_yiuf_cottage, uniq_natasha,
          uniq_sigmund
D:4:      nicolae_BIG_FREAKIN_CUBE, layout_basic,
          gammafunk_temple_overflow_pools, okawaru_ov_weapons_minmay
D:5:      layout_basic, cheibrodos_sewer_entry_bend
D:6:      layout_loops_ring, kennysheep_mini,
          minmay_temple_entry_gardened_gates, st_stairs_6,
          minmay_misc_feat_alley, nicolae_elemental_shop, nrook_mini_vaults,
          lexackson_kobold_supper, uniq_prince_ribbit1, uniq_pikel,
          uniq_duvessa, uniq_blork_the_orc
D:7:      layout_cave_pools, mainiacjoe_overflow_24_doors, serial_shops,
          nicolae_shop_real_fake_doors, minmay_fractal_squares_diagonal_5
D:8:      layout_gridville, uniq_maggie, uniq_psyche
D:9:      layout_stronghold, fedhas_altar_1, erik_lair_island,
          minmay_orc_entry_guard_dogs, kennysheep_generic_room_11
D:10:     layout_rooms, amcnicky_altar_gilded, uniq_grum
D:11:     layout_gridville, enter_trove_2, ebering_ghost_xom,
          portal_ice_cave_entry_animals_and_master
D:12:     layout_cave_pools, lemuel_freeze_loot_1
D:13:     layout_roguey, gammafunk_ghost_smash, lightli_corner_chamber
D:14:     layout_basic, lightli_vaults_fourway_checkpoint
D:15:     grunt_enter_depths_magical_seal, layout_long_grid, st_stairs_6,
          minivault_16
Lair:1:   layout_regular_city, grunt_megastairs_1
Lair:2:   layout_small_grid, shoals_dummy_entry, guppyfry_snake_entry_island,
          special_room [special_room_bee], chequers_serial_rivers_micro_b,
          serial_bayou_shore_a, grunt_megastairs_4, uniq_sonja
Lair:3:   layout_regular_city, st_stairs_3, uniq_amaemon
Lair:4:   layout_small_grid, nzn_sisyphean_effort, infiniplex_staircase_pool,
          lemuel_fruit_fields, grunt_megastairs_2, lemuel_fruit_tree
Lair:5:   evilmike_catoblepas_cave, layout_hall_layers, slime_entry_1
Snake:1:  layout_layer_cave, serial_shops, nicolae_shop_bloodbath_and_beyond,
          nicolae_shop_peninsula, nicolae_shop_behind_doors, shop, shop,
          nicolae_shop_gadgets, nicolae_triple_integral, uniq_rupert
Orc:1:    layout_diamond_mine, uniq_harold
Orc:2:    grunt_orc_community_town_hall, layout_caves,
          grunt_orc_community_big_house_1, grunt_orc_community_big_house_2,
          grunt_orc_community_house_1, grunt_orc_community_house_1,
          grunt_orc_community_house_3, grunt_orc_community_house_1,
          serial_shops, nicolae_shop_back_alley_shop, nicolae_orc_tapped_out

Skill      XL: |  1  2  3  4  5  6  7  8  9 10 11 12 13 14 15 |
---------------+----------------------------------------------+-----
Shields        | 4 10 11 | 11.6
Axes           | 3 5 6 8 9 10 11 12 14 15 16 18 | 18.0
Fighting       | 4 5 8 9 10 12 15 | 15.0
Armour         | 4 6 8 9 10 11 | 11.6
Invocations    | 4 6 8 10 11 | 11.2
Throwing       | 4 7 9 10 11 | 11.1
Dodging        | 5 6 |  6.0

Action                     |  1- 3 |  4- 6 |  7- 9 | 10-12 | 13-15 || total
---------------------------+-------+-------+-------+-------+-------++-------
  Melee: War axe           |    57 |    82 |   326 |   513 |    49 ||  1027
         Headbutt          |     4 |    12 |    59 |    92 |   125 ||   292
         Broad axe         |       |       |       |       |   640 ||   640
  Throw: Dart              |       |       |       |    22 |     2 ||    24
         Boomerang         |       |       |       |    15 |    30 ||    45
 Invoke: Heroism           |       |       |     4 |     2 |       ||     6
         Finesse           |       |       |       |     4 |     5 ||     9
  Evoke: Wand              |       |       |       |     3 |       ||     3
    Use: Scroll            |       |       |     3 |    22 |     7 ||    32
 Armour: Scale mail        |    21 |    56 |   145 |   190 |   123 ||   535
         Crystal plate arm |       |       |       |       |   263 ||   263
         Plate armour      |       |       |       |       |    23 ||    23
         Chain mail        |       |       |       |       |    16 ||    16
  Dodge: Dodged            |    20 |    40 |   119 |   219 |   282 ||   680
  Block: Buckler           |     8 |    22 |    55 |   107 |   122 ||   314
         Kite shield       |       |       |       |       |   112 ||   112
